[ AOE2 MATCH · #505190945 ]
UnrankedGoths vs Goths
Player's team · LOSS
Rival team · WIN
[ REPLAY ANALYSIS · EXTRACTED FROM THE RECORDED GAME ]
Feudal
9:35
Castle
21:47
Imperial
—
| APM avg | 54.9 |
| APM peak | 87 |
| eAPM avg | 30.6 |
| Villagers / military | 110 / 86 |
Focus
⚔️ 55.5% · 🌾 44.5%
Militia ×42 · Skirmisher ×22 · Cavalry Archer ×19 · Monk ×2 · Battering Ram ×1
Feudal
9:22
Castle
20:22
Imperial
34:28
| APM avg | 67.0 |
| APM peak | 113 |
| eAPM avg | 27.5 |
| Villagers / military | 112 / 83 |
Focus
⚔️ 29.9% · 🌾 70.1%
Huskarl ×49 · Archer ×13 · Skirmisher ×7 · Knight ×5 · Militia ×4 · Monk ×3
Match map
Initial resources + every placement click. Lines = walls · curves = elevation contours. ◆ gold · ⬟ stone · ● berries · ✦ relic · ◌ wall gap
Your base· ✓ Closed at 21:47 · 42t walls · 2 gate(s)
Mawashigeri's base· ✓ Closed at 20:22 · 38t walls · no gate
Smoothed initial terrain · ◌ = detected wall gap · hover for details
Inputs per minute
— _[eC]_Gurke_ - - Mawashigeri
Build order — _[eC]_Gurke_
First 150 of 364 actions detected
| 0:02 | Queue | Villager (Male) |
| 0:02 | Build | House |
| 0:04 | Build | House |
| 0:08 | Queue | Villager (Male) |
| 0:08 | Queue | Villager (Male) |
| 0:08 | Queue | Villager (Male) |
| 0:08 | Queue | Villager (Male) |
| 1:28 | Queue | Villager (Male) |
| 2:01 | Queue | Villager (Male) |
| 2:01 | Queue | Villager (Male) |
| 2:31 | Queue | Villager (Male) |
| 3:00 | Queue | Villager (Male) |
| 3:07 | Build | Lumber Camp |
| 3:23 | Queue | Villager (Male) |
| 3:24 | Queue | Villager (Male) |
| 3:25 | Queue | Villager (Male) |
| 3:58 | Queue | Villager (Male) |
| 4:06 | Queue | Villager (Male) |
| 4:26 | Queue | Villager (Male) |
| 4:45 | Build | House |
| 5:12 | Build | House |
| 5:33 | Queue | Villager (Male) |
| 5:35 | Queue | Villager (Male) |
| 5:36 | Queue | Villager (Male) |
| 6:26 | Build | Barracks |
| 6:28 | Research | Loom |
| 6:30 | Queue | Villager (Male) |
| 6:58 | Queue | Villager (Male) |
| 7:01 | Build | House |
| 7:03 | Build | Palisade Wall |
| 7:22 | Research | Feudal Age |
| 7:38 | Queue | Militia |
| 7:38 | Queue | Militia |
| 7:52 | Build | Mining Camp |
| 8:02 | Build | Palisade Wall |
| 8:20 | Queue | Militia |
| 9:00 | Queue | Villager (Male) |
| 9:02 | Build | Mill |
| 9:32 | Queue | Militia |
| 9:35 | Age | Feudal Age |
| 9:37 | Research | Man-at-Arms (upgrade) |
| 9:37 | Research | Man-at-Arms (upgrade) |
| 9:40 | Queue | Villager (Male) |
| 9:57 | Build | Archery Range |
| 9:58 | Queue | Villager (Male) |
| 10:09 | Build | House |
| 10:23 | Build | Palisade Gate |
| 10:26 | Build | Palisade Gate |
| 10:49 | Build | Farm |
| 10:53 | Queue | Villager (Male) |
| 10:56 | Queue | Skirmisher |
| 11:00 | Build | Farm |
| 11:01 | Build | Farm |
| 11:02 | Build | Farm |
| 11:19 | Queue | Skirmisher |
| 11:22 | Build | Farm |
| 11:26 | Queue | Villager (Male) |
| 11:28 | Build | Farm |
| 11:35 | Build | Palisade Wall |
| 11:36 | Build | Palisade Wall |
| 11:41 | Build | Farm |
| 11:45 | Build | Farm |
| 11:47 | Build | Farm |
| 11:52 | Queue | Villager (Male) |
| 12:06 | Build | Farm |
| 12:13 | Queue | Villager (Male) |
| 12:13 | Queue | Villager (Male) |
| 12:23 | Build | Palisade Wall |
| 12:26 | Build | House |
| 12:33 | Build | Palisade Wall |
| 12:33 | Build | Palisade Wall |
| 12:34 | Build | Palisade Wall |
| 12:35 | Build | Palisade Wall |
| 12:36 | Build | Palisade Wall |
| 12:39 | Queue | Skirmisher |
| 12:41 | Queue | Villager (Male) |
| 12:46 | Build | Farm |
| 13:00 | Queue | Villager (Male) |
| 13:21 | Build | House |
| 13:22 | Queue | Skirmisher |
| 13:24 | Queue | Villager (Male) |
| 13:32 | Build | Blacksmith |
| 13:38 | Queue | Villager (Male) |
| 13:47 | Queue | Villager (Male) |
| 13:49 | Queue | Skirmisher |
| 13:54 | Build | House |
| 14:11 | Queue | Villager (Male) |
| 14:14 | Queue | Skirmisher |
| 14:14 | Queue | Skirmisher |
| 14:19 | Research | Padded Archer Armor |
| 14:19 | Research | Padded Archer Armor |
| 14:23 | Build | Palisade Wall |
| 14:26 | Build | Farm |
| 14:31 | Build | Farm |
| 14:35 | Queue | Villager (Male) |
| 15:01 | Queue | Villager (Male) |
| 15:03 | Queue | Skirmisher |
| 15:14 | Build | Mining Camp |
| 15:34 | Research | Fletching |
| 15:34 | Research | Fletching |
| 15:35 | Queue | Skirmisher |
| 15:37 | Queue | Villager (Male) |
| 15:42 | Build | House |
| 15:43 | Build | House |
| 15:46 | Build | Palisade Wall |
| 15:54 | Build | House |
| 15:58 | Build | Farm |
| 16:02 | Queue | Skirmisher |
| 16:11 | Build | Palisade Wall |
| 16:36 | Queue | Villager (Male) |
| 16:41 | Build | Palisade Wall |
| 16:47 | Build | Palisade Gate |
| 16:49 | Build | House |
| 16:51 | Build | Palisade Wall |
| 16:52 | Build | Palisade Wall |
| 16:54 | Build | Palisade Wall |
| 17:06 | Queue | Villager (Male) |
| 17:32 | Queue | Villager (Male) |
| 18:00 | Queue | Villager (Male) |
| 18:07 | Build | Palisade Wall |
| 18:14 | Build | Farm |
| 18:30 | Queue | Villager (Male) |
| 18:36 | Build | Market |
| 19:07 | Research | Castle Age |
| 19:13 | Build | Lumber Camp |
| 19:25 | Research | Double-Bit Axe |
| 19:33 | Build | Palisade Wall |
| 19:39 | Research | Horse Collar |
| 19:39 | Research | Horse Collar |
| 19:56 | Build | House |
| 19:57 | Build | House |
| 19:58 | Build | House |
| 20:00 | Research | Gold Mining |
| 20:15 | Build | Farm |
| 20:16 | Build | Farm |
| 20:41 | Queue | Skirmisher |
| 20:46 | Build | Archery Range |
| 21:00 | Queue | Skirmisher |
| 21:19 | Build | Farm |
| 21:34 | Queue | Villager (Male) |
| 21:47 | Age | Castle Age |
| 21:49 | Research | Bodkin Arrow |
| 21:50 | Research | Elite Skirmisher (upgrade) |
| 21:50 | Queue | Villager (Male) |
| 21:52 | Queue | Cavalry Archer |
| 21:52 | Queue | Cavalry Archer |
| 22:08 | Research | Bow Saw |
| 22:09 | Queue | Cavalry Archer |
| 22:16 | Queue | Cavalry Archer |
| 22:17 | Queue | Cavalry Archer |
Build order — Mawashigeri
First 150 of 368 actions detected
| 0:00 | Queue | Villager (Male) |
| 0:02 | Build | House |
| 0:03 | Build | House |
| 0:06 | Queue | Villager (Male) |
| 0:06 | Queue | Villager (Male) |
| 0:06 | Queue | Villager (Male) |
| 0:06 | Queue | Villager (Male) |
| 0:07 | Research | Loom |
| 1:28 | Queue | Villager (Male) |
| 1:50 | Queue | Villager (Male) |
| 1:54 | Build | Lumber Camp |
| 2:22 | Queue | Villager (Male) |
| 2:56 | Queue | Villager (Male) |
| 3:04 | Queue | Villager (Male) |
| 3:37 | Queue | Villager (Male) |
| 3:56 | Queue | Villager (Male) |
| 4:01 | Build | House |
| 4:36 | Queue | Villager (Male) |
| 4:56 | Queue | Villager (Male) |
| 5:04 | Build | Barracks |
| 5:06 | Build | Barracks |
| 5:19 | Queue | Villager (Male) |
| 5:39 | Build | House |
| 5:51 | Queue | Villager (Male) |
| 6:16 | Queue | Villager (Male) |
| 6:41 | Queue | Villager (Male) |
| 6:44 | Build | Mining Camp |
| 7:12 | Research | Feudal Age |
| 7:23 | Queue | Militia |
| 7:40 | Queue | Militia |
| 7:50 | Queue | Militia |
| 7:58 | Build | House |
| 8:03 | Build | Mill |
| 8:38 | Queue | Villager (Male) |
| 9:00 | Queue | Militia |
| 9:22 | Age | Feudal Age |
| 9:32 | Research | Man-at-Arms (upgrade) |
| 9:45 | Queue | Villager (Male) |
| 9:52 | Build | Archery Range |
| 10:04 | Queue | Villager (Male) |
| 10:18 | Queue | Villager (Male) |
| 10:30 | Queue | Villager (Male) |
| 10:46 | Build | House |
| 10:51 | Queue | Skirmisher |
| 11:18 | Queue | Skirmisher |
| 11:20 | Queue | Villager (Male) |
| 11:29 | Research | Double-Bit Axe |
| 11:34 | Build | Farm |
| 11:35 | Build | Farm |
| 11:36 | Build | Farm |
| 11:36 | Build | Farm |
| 11:38 | Queue | Skirmisher |
| 11:43 | Queue | Skirmisher |
| 11:53 | Build | House |
| 11:55 | Queue | Villager (Male) |
| 11:55 | Queue | Villager (Male) |
| 12:15 | Build | Blacksmith |
| 12:18 | Queue | Villager (Male) |
| 12:27 | Build | Palisade Wall |
| 12:28 | Build | Palisade Wall |
| 12:37 | Queue | Villager (Male) |
| 12:39 | Queue | Archer |
| 12:59 | Queue | Villager (Male) |
| 13:00 | Queue | Skirmisher |
| 13:19 | Build | Palisade Wall |
| 13:20 | Build | Palisade Wall |
| 13:31 | Queue | Villager (Male) |
| 13:43 | Queue | Skirmisher |
| 13:46 | Build | Farm |
| 13:47 | Build | Farm |
| 13:49 | Build | Farm |
| 13:56 | Research | Fletching |
| 13:57 | Queue | Villager (Male) |
| 14:05 | Build | House |
| 14:10 | Queue | Villager (Male) |
| 14:16 | Build | Palisade Wall |
| 14:25 | Build | Farm |
| 14:26 | Build | Farm |
| 14:39 | Queue | Skirmisher |
| 14:43 | Build | House |
| 14:52 | Research | Padded Archer Armor |
| 14:53 | Build | House |
| 14:57 | Build | Farm |
| 14:57 | Queue | Villager (Male) |
| 15:01 | Queue | Archer |
| 15:14 | Build | Farm |
| 15:18 | Build | Farm |
| 15:26 | Queue | Archer |
| 15:26 | Queue | Villager (Male) |
| 15:33 | Build | House |
| 15:35 | Build | Farm |
| 15:40 | Build | House |
| 15:41 | Build | Palisade Wall |
| 15:53 | Queue | Villager (Male) |
| 15:56 | Build | Palisade Wall |
| 16:05 | Build | Palisade Wall |
| 16:08 | Queue | Villager (Male) |
| 16:37 | Build | Farm |
| 16:39 | Queue | Villager (Male) |
| 16:42 | Queue | Archer |
| 16:49 | Build | Palisade Wall |
| 17:03 | Build | Palisade Wall |
| 17:07 | Queue | Villager (Male) |
| 17:07 | Queue | Archer |
| 17:23 | Build | Farm |
| 17:32 | Build | Palisade Wall |
| 17:42 | Research | Castle Age |
| 17:54 | Queue | Archer |
| 18:20 | Research | Horse Collar |
| 18:34 | Build | Stable |
| 18:37 | Build | Stable |
| 18:45 | Queue | Archer |
| 19:09 | Research | Scale Barding Armor |
| 19:19 | Build | Lumber Camp |
| 19:21 | Queue | Archer |
| 19:28 | Queue | Villager (Male) |
| 19:47 | Queue | Archer |
| 20:22 | Age | Castle Age |
| 20:23 | Queue | Knight |
| 20:31 | Build | Town Center |
| 20:33 | Research | Bow Saw |
| 20:43 | Research | Crossbowman (upgrade) |
| 20:46 | Research | Bodkin Arrow |
| 20:47 | Queue | Villager (Male) |
| 20:57 | Queue | Knight |
| 21:07 | Queue | Villager (Male) |
| 21:16 | Queue | Villager (Male) |
| 21:20 | Build | Farm |
| 21:21 | Build | Farm |
| 21:22 | Build | Farm |
| 21:32 | Queue | Villager (Male) |
| 21:36 | Build | Farm |
| 21:37 | Build | Farm |
| 21:41 | Build | Farm |
| 21:42 | Build | Farm |
| 21:43 | Queue | Villager (Male) |
| 21:51 | Queue | Archer |
| 21:59 | Queue | Villager (Male) |
| 22:05 | Build | Farm |
| 22:11 | Queue | Knight |
| 22:31 | Queue | Villager (Male) |
| 22:41 | Queue | Villager (Male) |
| 22:42 | Queue | Villager (Male) |
| 22:49 | Queue | Villager (Male) |
| 22:52 | Build | Monastery |
| 23:00 | Queue | Villager (Male) |
| 23:02 | Build | Farm |
| 23:02 | Build | Farm |
| 23:02 | Build | Farm |
| 23:02 | Build | Farm |
Match timeline
| 5:04 | Mawashigeri · first_building Barracks |
| 6:26 | _[eC]_Gurke_ · first_building Barracks |
| 7:03 | _[eC]_Gurke_ · wall_segment Palisade Wall x1 |
| 8:02 | _[eC]_Gurke_ · wall_segment Palisade Wall x3 |
| 9:22 | Mawashigeri · age_up feudal |
| 9:35 | _[eC]_Gurke_ · age_up feudal |
| 9:52 | Mawashigeri · first_building Archery Range |
| 9:57 | _[eC]_Gurke_ · first_building Archery Range |
| 11:35 | _[eC]_Gurke_ · wall_segment Palisade Wall x2 |
| 11:36 | _[eC]_Gurke_ · wall_segment Palisade Wall x5 |
| 12:23 | _[eC]_Gurke_ · wall_segment Palisade Wall x12 |
| 12:27 | Mawashigeri · wall_segment Palisade Wall x1 |
| 12:28 | Mawashigeri · wall_segment Palisade Wall x3 |
| 12:33 | _[eC]_Gurke_ · wall_segment Palisade Wall x1 |
| 12:33 | _[eC]_Gurke_ · wall_segment Palisade Wall x1 |
| 12:34 | _[eC]_Gurke_ · wall_segment Palisade Wall x1 |
| 12:35 | _[eC]_Gurke_ · wall_segment Palisade Wall x1 |
| 12:36 | _[eC]_Gurke_ · wall_segment Palisade Wall x1 |
| 13:19 | Mawashigeri · wall_segment Palisade Wall x4 |
| 13:20 | Mawashigeri · wall_segment Palisade Wall x4 |
| 14:16 | Mawashigeri · wall_segment Palisade Wall x4 |
| 14:23 | _[eC]_Gurke_ · wall_segment Palisade Wall x5 |
| 15:41 | Mawashigeri · wall_segment Palisade Wall x1 |
| 15:46 | _[eC]_Gurke_ · wall_segment Palisade Wall x4 |
| 15:56 | Mawashigeri · wall_segment Palisade Wall x7 |
| 16:05 | Mawashigeri · wall_segment Palisade Wall x9 |
| 16:11 | _[eC]_Gurke_ · wall_segment Palisade Wall x1 |
| 16:41 | _[eC]_Gurke_ · wall_segment Palisade Wall x1 |
| 16:49 | Mawashigeri · wall_segment Palisade Wall x3 |
| 16:51 | _[eC]_Gurke_ · wall_segment Palisade Wall x1 |
| 16:52 | _[eC]_Gurke_ · wall_segment Palisade Wall x1 |
| 16:54 | _[eC]_Gurke_ · wall_segment Palisade Wall x1 |
| 17:03 | Mawashigeri · wall_segment Palisade Wall x1 |
| 17:32 | Mawashigeri · wall_segment Palisade Wall x1 |
| 18:07 | _[eC]_Gurke_ · wall_segment Palisade Wall x1 |
| 18:34 | Mawashigeri · first_building Stable |
| 19:33 | _[eC]_Gurke_ · wall_segment Palisade Wall x1 |
| 20:22 | Mawashigeri · age_up castle |
| 21:47 | _[eC]_Gurke_ · age_up castle |
| 22:52 | Mawashigeri · first_building Monastery |
| 23:54 | _[eC]_Gurke_ · first_building Monastery |
| 25:23 | Mawashigeri · first_building Siege Workshop |
| 25:49 | _[eC]_Gurke_ · first_building Stable |
| 26:12 | Mawashigeri · wall_segment Palisade Wall x1 |
| 30:00 | Mawashigeri · first_building Castle |
| 32:50 | _[eC]_Gurke_ · first_building Siege Workshop |
| 34:28 | Mawashigeri · age_up imperial |
| 35:17 | _[eC]_Gurke_ · resign |
[ AI ANALYSIS · 1 CREDIT ]
What really happened in this match?
Wolo.gg analyzes every decision: build order, eco, micro, common mistakes by bracket. Personalized analysis on WhatsApp or Discord in 30 seconds.
Civ guide
Goths
Perfil
Jugador #775196